 Dungeon Crawl Stone Soup version 0.17-a0-1582-ge6b0260 (webtiles) character file.

37 volk64 the Stinger (level 3, -1/24 HPs)
             Began as a Formicid Venom Mage on July 27, 2015.
             Slain by an adder (4 damage)
             ... on level 2 of the Dungeon.
             The game lasted 00:10:59 (1758 turns).

volk64 the Stinger (Formicid Venom Mage)            Turns: 1758, Time: 00:11:00

Health: -1/24      AC:  7    Str: 13    XL:     3   Next: 60%
Magic:  1/6        EV:  9    Int: 14    God:
Gold:   36         SH:  0    Dex: 11    Spells: 3 memorised, 0 levels left

rFire  . . .     SeeInvis +     e - +0 club
rCold  . . .     Clarity  .     j - +0 scale mail
rNeg   . . .     SustAt   .     (no shield)
rPois  .         Gourm    .     (helmet unavailable)
rElec  .         Spirit   .     (no cloak)
rCorr  .         Warding  .     f - +0 pair of gloves
rMut   .         Stasis   +     (no boots)
MR     .....                    (no amulet)
Stlth  +.........               (no ring)
                                (no ring)

@: lethally poisoned (-1 -> -5), very slightly contaminated, not resistant to
hostile enchantments, very unstealthy
A: permanent stasis, dig shafts and tunnels, four strong arms, antennae 3
a: Dig, Shaft Self


You were on level 2 of the Dungeon.
You were hungry.

You visited 1 branch of the dungeon, and saw 2 of its levels.

You collected 36 gold pieces.

Inventory:

Hand weapons
 e - a +0 club (weapon)
Armour
 f - a +0 pair of gloves (worn)
 j - a +0 scale mail (worn)
 n - a cursed +0 robe
Scrolls
 m - a scroll of identify
Books
 b - a Young Poisoner's Handbook

   Spells                             Type                      Level
   a - Sting                          Conjuration/Poison           1
   b - Cure Poison                    Poison                       2
   c - Mephitic Cloud                 Conjuration/Poison/Air       3
   d - Olgreb's Toxic Radiance        Poison                       4
   e - Venom Bolt                     Conjuration/Poison           5
Comestibles
 a - 3 fruits
 c - a bread ration
 g - a meat ration
 h - a royal jelly
 l - 3 chunks of flesh


   Skills:
 + Level 0.9 Armour
 + Level 2.2 Dodging
 + Level 2.5 Stealth
 + Level 2.3 Spellcasting
 + Level 0.1 Conjurations
 + Level 6.0 Poison Magic


You couldn't memorise any spells.
You knew the following spells:

 Your Spells              Type           Power        Failure   Level  Hunger
a - Sting                 Conj/Pois      ##..         34%         1    #......
b - Cure Poison           Pois           ###.......   14%         2    ###....
c - Mephitic Cloud        Conj/Pois/Air  #.......     97%         3    ###....


Dungeon Overview and Level Annotations

Branches:
Dungeon (2/15)

Altars:


Innate Abilities, Weirdness & Mutations

You are under a permanent stasis effect.
You can dig through walls and to a lower floor.
Your four strong arms can wield two-handed weapons with a shield.
You have a pair of large antennae on your head (SInv).


Message History

* * * LOW HITPOINT WARNING * * *
You are lethally poisoned!
The adder poisons you!
Casting: Cure Poison
Confirm with . or Enter, or press ? or * to list all spells.
You don't have enough magic to cast that spell.
* * * LOW HITPOINT WARNING * * *
You feel sick. The adder bites you but does no damage.
Casting: Cure Poison
Confirm with . or Enter, or press ? or * to list all spells.
You don't have enough magic to cast that spell.
You aren't carrying any potions.
You miss the adder.
The adder is moderately wounded.
The adder barely misses you.
You miss the adder.
The adder is moderately wounded.
* * * LOW HITPOINT WARNING * * *
You feel sick. The adder bites you but does no damage. The adder bites you.
You die...

#.# #.#
#.# #.#
.#.# .#.#
..#.#
#####..#.#
#.S@...#.#
#.#.####.#
#.#......#
#$#..#####
#.#..#
#.#..#
#.#..#
#.#..#
#..#


You could see an adder.

Vanquished Creatures
  An adder (D:2)
  A giant gecko (D:1)
  5 hobgoblins (D:1)
  3 ball pythons (D:1)
  4 bats
  2 giant cockroaches
  2 giant newts (D:1)
  2 goblins (D:1)
  5 kobolds
  4 rats
29 creatures vanquished.

Notes
Turn   | Place    | Note
--------------------------------------------------------------
     0 | D:1      | volk64 the Formicid Venom Mage began the quest for the Orb.
     0 | D:1      | Reached XP level 1. HP: 13/13 MP: 3/3
   456 | D:1      | Reached XP level 2. HP: 13/19 MP: 5/5
   536 | D:1      | Learned a level 2 spell: Cure Poison
  1351 | D:1      | Reached XP level 3. HP: 18/24 MP: 4/6
  1628 | D:2      | Learned a level 3 spell: Mephitic Cloud
  1749 | D:2      | Reached skill level 6 in Poison Magic
  1758 | D:2      | Slain by an adder

Vault maps used:
D:1:      dpeg_arrival_more_subterranean_lakeside_camping, patterned_corridor
D:2:      kennysheep_minor_cross

Action                   || total
-------------------------++-------
Melee: Unarmed           ||    13
       Club              ||   107
 Cast: Sting             ||    36
       Cure Poison       ||     2
  Use: Scroll            ||     2
       Potion            ||     1
 Stab: Sleeping          ||     1
  Eat: Chunk             ||     3
